 Dungeon Crawl Stone Soup version 0.21.1-1-g345015f (webtiles) character file.

109 Lurcharcal the Firebug (level 4, -7/33 HPs)
             Began as a Draconian Fire Elementalist on May 24, 2018.
             Killed by divine providence
             ... invoked by an orc priest
              (10 damage)
             ... on level 3 of the Dungeon.
             The game lasted 00:36:25 (1729 turns).

Lurcharcal the Firebug (DrFE)                       Turns: 1729, Time: 00:36:26

Health: -7/33      AC:  6    Str: 15    XL:     4   Next: 59%
Magic:  4/7        EV: 12    Int: 16    God:
Gold:   144        SH:  0    Dex: 12    Spells: 2/8 levels left

rFire    . . .     SeeInvis .   o - +0 falchion
rCold    . . .     Gourm    .   (no shield)
rNeg     . . .     Faith    .   (armour unavailable)
rPois    .         Spirit   .   (helmet restricted)
rElec    .         Reflect  .   (no cloak)
rCorr    .         Harm     .   k - +0 pair of gloves
MR       .....                  (no boots)
Stlth    ++........             (no amulet)
HPRegen  0.11/turn              (no ring)
MPRegen  0.10/turn              (no ring)

@: mighty
A: unfitting armour, cold-blooded, AC +5
a: no special abilities


You were on level 3 of the Dungeon.
You were hungry.

You visited 1 branch of the dungeon, and saw 3 of its levels.

You collected 144 gold pieces.

Inventory:

Hand Weapons
 o - a +0 falchion (weapon)
Armour
 k - a +0 pair of gloves (worn)
Scrolls
 f - 3 scrolls of magic mapping {unknown}
 h - a scroll of teleportation {unknown}
 i - 4 scrolls of identify {unknown}
 l - a scroll of remove curse {unknown}
Potions
 c - a potion of might
 d - 4 potions of curing {unknown}
 e - a potion of ambrosia {unknown}
 j - a potion of haste {unknown}
 m - a potion of magic {unknown}
Books
 a - a book of Flames

   Spells                             Type                      Level
   a - Flame Tongue                   Conjuration/Fire             1
   b - Throw Flame                    Conjuration/Fire             2
   c - Conjure Flame                  Conjuration/Fire             3
   d - Inner Flame                    Hexes/Fire                   3
   e - Sticky Flame                   Conjuration/Fire             4
   f - Fireball                       Conjuration/Fire             5
Comestibles
 b - 2 rations
 g - 6 chunks of flesh


   Skills:
 + Level 2.3 Dodging
 + Level 2.5 Stealth
 + Level 2.5 Spellcasting
 + Level 1.9 Conjurations
 * Level 3.9 Fire Magic


You had 2 spell levels left.
You knew the following spells:

 Your Spells              Type           Power        Failure   Level  Hunger
a - Flame Tongue          Conj/Fire      ##...        6%          1    #......
b - Throw Flame           Conj/Fire      ##....       9%          2    ##.....
c - Inner Flame           Hex/Fire       #.......     26%         3    ###....


Dungeon Overview and Level Annotations

Branches:
Dungeon (3/15)

Altars:


Innate Abilities, Weirdness & Mutations

Your plain brown scales are hard. (AC +5)
You cannot fit into any form of body armour.
You are cold-blooded and may be slowed by cold attacks.


Message History

It was a potion of might.
You feel very mighty all of a sudden. The orc barely misses you.
The orc priest hits you but does no damage.
The kobold hits you but does no damage. The kobold hits you.
* * * LOW HITPOINT WARNING * * *
The orc closely misses you. The orc priest hits you.
* * * LOW HITPOINT WARNING * * *
The orc hits you but does no damage. The kobold hits you but does no damage.
The orc hits you.
* * * LOW HITPOINT WARNING * * *
The orc hits you but does no damage.
You are feeling hungry.
The kobold completely misses you.
You riposte.
You closely miss the kobold. The kobold closely misses you.
The orc priest calls down the wrath of Beogh upon you.
Beogh smites you!
You die...

#.##.##.#...#.# .#...#
..........>...# .#.#.##
#.##.##.#...####......#
#.##.##..........#.#
.....#####.####....####
#.#### #....()#.....#
######....##.# ##.#.# #
####@#.# ####.oK...#
..#o##.### #.#.##.#
#.#o##.# #......#
#...#### . #...#
.##########...###.#


You could see an orc priest, an orc and a kobold.

Vanquished Creatures
  An orc wizard (D:3)
  2 adders (D:3)
  A gnoll (D:1)
  A dart slug (D:1)
  4 orcs (D:3)
  10 bats
  2 goblins
  6 hobgoblins
  5 jackals
  6 kobolds
  2 quokkas
  3 frilled lizards (D:2)
  A rat (D:2)
44 creatures vanquished.

Notes
Turn   | Place    | Note
-------+----------+-------------------------------------------
     0 | D:1      | Lurcharcal the Draconian Fire Elementalist began the quest for the Orb.
     0 | D:1      | Reached XP level 1. HP: 14/14 MP: 3/3
   209 | D:1      | Reached XP level 2. HP: 10/20 MP: 0/5
   274 | D:1      | Learned a level 2 spell: Throw Flame
   497 | D:1      | You fall through a shaft!
   885 | D:1      | Reached XP level 3. HP: 26/26 MP: 3/6
  1485 | D:3      | Reached XP level 4. HP: 21/33 MP: 0/7
  1651 | D:3      | Learned a level 3 spell: Inner Flame
  1729 | D:3      | Killed from afar by an orc priest

Skill      XL: |  1  2 |
---------------+-------+-----
Stealth        | 2 |  2.5
Dodging        | 2 |  2.3
Spellcasting   | |  2.5
Conjurations   | |  1.9
Fire Magic     | |  3.9

Action                   |  1- 3 |  4- 6 || total
-------------------------+-------+-------++-------
Melee: Tailslap          |     5 |     3 ||     8
       Dagger            |    33 |       ||    33
       Short sword       |    17 |     9 ||    26
       Falchion          |       |    17 ||    17
 Cast: Flame Tongue      |    39 |    14 ||    53
       Throw Flame       |    15 |       ||    15
  Use: Potion            |       |     1 ||     1
  Eat: Chunk             |     3 |     1 ||     4
Armor: Skin              |    36 |    24 ||    60
Dodge: Dodged            |    95 |    54 ||   149
       Rpst.: Falchion   |       |     9 ||     9
